 Dungeon Crawl Stone Soup version 0.19.0-20-gbc5f0c6 (webtiles) character file.

830 Minion the Chopper (level 7, -7/61 HPs)
             Began as a Deep Dwarf Fighter on Nov 18, 2016.
             Mangled by an ice beast (10 damage)
             ... on level 5 of the Dungeon.
             The game lasted 00:12:02 (2936 turns).

Minion the Chopper (Deep Dwarf Fighter)             Turns: 2936, Time: 00:12:03

Health: -7/61      AC:  9    Str: 19    XL:     7   Next: 65%
Magic:  9/9        EV: 11    Int:  9    God:
Gold:   239        SH:  0    Dex: 14    Spells: 0 memorised, 6 levels left

rFire  . . .     SeeInvis .     a - +0 war axe
rCold  . . .     Gourm    .     b - +0 scale mail
rNeg   . . .     Faith    .     (no shield)
rPois  .         Spirit   .     p - +0 helmet
rElec  .         Reflect  .     o - +0 cloak
rCorr  .         Harm     .     (no gloves)
MR     +....                    (no boots)
Stlth  ..........               (no amulet)
                                (no ring)
                                (no ring)

@: non-regenerating
A: damage resistance, recharge devices, sense surroundings 1, slow regeneration
3
a: Device Recharging


You were on level 5 of the Dungeon.
You were not hungry.

You visited 1 branch of the dungeon, and saw 5 of its levels.

You collected 239 gold pieces.

Inventory:

Hand Weapons
 a - a +0 war axe (weapon)
Armour
 b - a +0 scale mail (worn)
 o - a +0 cloak (worn)
 p - a +0 helmet (worn)
Wands
 e - a wand of heal wounds (0/9)
 m - a wand of iceblast (4/15)
Scrolls
 h - 3 scrolls of identify
 j - 3 scrolls of magic mapping
 l - 5 scrolls of remove curse
Potions
 c - a potion of cure mutation {unknown}
 d - 2 potions of might
 i - 2 potions of lignification {unknown}
 k - 2 potions of invisibility {unknown}
 r - 2 potions of curing {unknown}
 s - 3 potions of agility {unknown}
 v - 2 potions of ambrosia {unknown}
 x - a potion of cancellation {unknown}
 z - 3 potions of brilliance {unknown}
 A - 2 potions of heal wounds {unknown}
Comestibles
 f - 7 bread rations
 g - 3 meat rations
 n - 9 chunks of flesh


   Skills:
 - Level 2.6 Fighting
 + Level 7.5 Axes
 - Level 5.2 Armour
 + Level 3.3 Dodging
   Level 3.2 Shields
 - Level 3.0 Evocations


You had 6 spell levels left.
You didn't know any spells.

Dungeon Overview and Level Annotations

Branches:
Dungeon (5/15)
 Temple: D:4-7

Altars:


Innate Abilities, Weirdness & Mutations

You are resistant to damage.
You can recharge devices by infusing magical energy.
You passively map a small area around you.
You do not regenerate.


Message History

The ice beast hits you but does no damage.
The ice beast barely misses you.
You closely miss the ice beast.
The ice beast is lightly wounded.
The ice beast hits you but does no damage.
You hit the ice beast.
The ice beast is moderately wounded.
The ice beast hits you but does no damage.
You slash the ice beast!
The ice beast is heavily wounded.
The ice beast hits you.
* * * LOW HITPOINT WARNING * * *
The ice beast freezes you!
* * * LOW HITPOINT WARNING * * *
You closely miss the ice beast.
The ice beast is heavily wounded.
The ice beast hits you.
* * * LOW HITPOINT WARNING * * *
The ice beast freezes you!
You die...

,, #.............#
,
,,,,#.........###.#
, ,
#.........#...#,
#.........#.#####.#
*
###########.......#
,###....#.#####.# ,
,, .......#...#, *
.......###.# * * +
.....(.)Y@.# ,
##...####### , *#.
, ** , * , , , , *
,, , ,,, , , * , ,
,,, , ,,,,


You could see an ice beast.

Vanquished Creatures
  Grinder (D:4)
  A sky beast (D:5)
  A scorpion (D:4)
  A hound (D:4)
  2 orc priests
  3 iguanas
  An orc wizard (D:3)
  5 worker ants
  A killer bee zombie (D:5)
  3 adders
  4 gnolls (D:5)
  2 worms
  4 dart slugs (D:1)
  2 leopard geckos
  11 orcs
  2 giant cockroaches
  8 goblins
  7 hobgoblins
  10 jackals
  10 kobolds
  A quokka (D:3)
  5 bats
  4 frilled lizards
  2 rats
91 creatures vanquished.

Notes
Turn   | Place    | Note
-------+----------+-------------------------------------------
     0 | D:1      | Minion the Deep Dwarf Fighter began the quest for the Orb.
     0 | D:1      | Reached XP level 1. HP: 20/20 MP: 1/1
    75 | D:1      | Reached skill level 3 in Axes
   128 | D:1      | Reached XP level 2. HP: 24/27 MP: 2/2
   426 | D:1      | Reached XP level 3. HP: 22/33 MP: 3/3
   492 | D:1      | Reached skill level 4 in Axes
  1249 | D:3      | Reached skill level 1 in Dodging
  1249 | D:3      | Reached XP level 4. HP: 25/40 MP: 4/4
  1722 | D:3      | Reached skill level 5 in Axes
  1722 | D:3      | Reached skill level 1 in Evocations
  1722 | D:3      | Reached XP level 5. HP: 22/46 MP: 5/5
  1869 | D:4      | Noticed Grinder
  1877 | D:4      | Killed Grinder
  1877 | D:4      | Reached XP level 6. HP: 23/55 MP: 5/8
  1884 | D:4      | Reached skill level 6 in Axes
  2213 | D:4      | Reached XP level 7. HP: 20/61 MP: 9/9
  2522 | D:5      | Entered Level 5 of the Dungeon
  2598 | D:5      | Reached skill level 7 in Axes
  2756 | D:5      | Reached skill level 5 in Armour
  2936 | D:5      | HP: 3/61 [ice beast (1)]
  2936 | D:5      | Mangled by an ice beast

Skill      XL: |  1  2  3  4  5  6  7 |
---------------+----------------------+-----
Axes           | 3 4 5 6 7 |  7.5
Dodging        | 1 2 3 |  3.3
Evocations     | 1 2 3 |  3.0
Armour         | 4 5 |  5.2
Fighting       | |  2.6
Shields        | |  3.2

Action                   |  1- 3 |  4- 6 |  7- 9 || total
-------------------------+-------+-------+-------++-------
Melee: War axe           |   154 |   123 |    99 ||   376
Evoke: Wand              |     1 |     4 |     3 ||     8
  Use: Scroll            |     1 |       |     9 ||    10
  Eat: Chunk             |     1 |     4 |     2 ||     7
Armor: Scale mail        |    79 |    78 |    39 ||   196
Dodge: Dodged            |    91 |    66 |    56 ||   213
Block: Shield            |    10 |       |       ||    10
